 Dungeon Crawl Stone Soup version 0.17-a0-2127-g1cb09f6 (webtiles) character file.

343 4thArraOfDagon the Firebug (level 6, -2/32 HPs)
             Began as a Deep Elf Fire Elementalist on Oct 22, 2015.
             Was a Follower of Vehumet.
             Slain by a giant frog zombie (5 damage)
             ... on level 5 of the Dungeon on Oct 23, 2015.
             The game lasted 00:06:38 (1052 turns).

4thArraOfDagon the Firebug (DEFE)                   Turns: 1052, Time: 00:06:38

Health: -2/32      AC:  3    Str:  5    XL:     6   Next: 31%
Magic:  1/15       EV: 13    Int: 22    God:    Vehumet [*.....]
Gold:   125        SH:  0    Dex: 15    Spells: 4 memorised, 2 levels left

rFire  . . .     SeeInvis .     g - +0 club
rCold  . . .     Clarity  .     a - +0 robe
rNeg   . . .     SustAt   .     (no shield)
rPois  .         Gourm    .     (no helmet)
rElec  .         Spirit   .     (no cloak)
rCorr  .         Warding  .     (no gloves)
rMut   .         Stasis   .     f - +0 pair of boots
MR     .....                    (no amulet)
Stlth  ++........               (no ring)
                                (no ring)

@: very slightly contaminated, not resistant to hostile enchantments, unstealthy
A: blink
a: Blink, Renounce Religion


You were on level 5 of the Dungeon.
You worshipped Vehumet.
Vehumet was aware of your devotion.
You were not hungry.

You visited 1 branch of the dungeon, and saw 5 of its levels.

You collected 125 gold pieces.

Inventory:

Hand Weapons
 g - a +0 club (weapon)
 n - a cursed +0 blowgun
Armour
 a - a +0 robe (worn)
 f - a +0 pair of boots (worn)
Scrolls
 e - a scroll of identify
 h - a scroll of noise
Books
 b - a book of Flames

   Spells                             Type                      Level
   a - Flame Tongue                   Conjuration/Fire             1
   b - Throw Flame                    Conjuration/Fire             2
   c - Conjure Flame                  Conjuration/Fire             3
   d - Inner Flame                    Hexes/Fire                   3
   e - Sticky Flame                   Conjuration/Fire             4
   f - Fireball                       Conjuration/Fire             5
 m - a book of Geomancy

   Spells                             Type                      Level
   a - Sandblast                      Earth                        1
   b - Stoneskin                      Transmutation/Earth          2
   c - Passwall                       Transmutation/Earth          3
   d - Stone Arrow                    Conjuration/Earth            3
   e - Petrify                        Transmutation/Earth          4
   f - Lee's Rapid Deconstruction     Earth                        5
Comestibles
 c - a bread ration
 d - 3 meat rations
 i - a slice of pizza
 l - 3 fruits


   Skills:
 - Level 2.4 Dodging
 - Level 2.4 Stealth
 + Level 5.1 Spellcasting
 * Level 4.2 Conjurations
 * Level 5.5 Fire Magic


You had 2 spell levels left.
You knew the following spells:

 Your Spells              Type           Power        Failure   Level  Hunger
a - Flame Tongue          Conj/Fire      ####.        1%          1    None
b - Conjure Flame         Conj/Fire      ####....     4%          3    ##.....
c - Sticky Flame          Conj/Fire      ####....     14%         4    ####...
d - Fireball              Conj/Fire      ####......   38%         5    #####..


Dungeon Overview and Level Annotations

Branches:
Dungeon (5/15)
 Temple: D:4-7

Altars:
Cheibriados
Makhleb
Vehumet
Xom

Annotations:
D:2 Sigmund


Innate Abilities, Weirdness & Mutations

You can translocate small distances at will.


Message History

Drink which item? (? for menu, Esc to quit)
Okay, then.
Drink which item? (? for menu, Esc to quit)
It was a potion of beneficial mutation.
You feel jittery.
You feel fantastic! The giant frog zombie hits you!
* * * LOW HITPOINT WARNING * * *
Unknown command.
Use which ability?
Okay, then.
Use which ability?
You don't have enough health at the moment.
You aren't carrying any potions.
Read which item? (? for menu, Esc to quit)
As you read the scroll labeled TERUZIP ADINN, it crumbles to dust.
You assume a fearsome visage.
The giant frog zombie is unaffected.
It was a scroll of fear.
The giant frog zombie barely misses you.
The giant frog zombie hits you.
You die...

...............# *
......<.#......#
........#......#
........##....†#
........##.###§#
........##.#*#.#
.......h##..*#.########
........###.*#.##.....##
.......## *.##..@Z.....#
......## *..#.........#
,,,,,,* **,#.........#
,,,,*,******,#.........#
*,***,,,,,,,,#.........#
,,* *,,,,,,,.......#####
,,* *,,,,,,....#####
,,***,,,,,,....*
,,,,,,,,,,,,,*>*


You could see a giant frog zombie.

Vanquished Creatures
  An ogre (D:5)
  A centaur (D:5)
  A scorpion (D:4)
  A hound (D:5)
  An orc wizard (D:3)
  Jessica (D:2)
  A hound zombie (D:5)
  An ooze (D:2)
  3 worms
  An orc (D:3)
  4 bats
  A goblin (D:3)
  2 hobgoblins (D:3)
  A quokka (D:3)
  2 ball pythons
  A giant gecko skeleton (D:5)
  7 giant newts
  7 jackals
  5 kobolds
  8 rats
50 creatures vanquished.

Notes
Turn   | Place    | Note
--------------------------------------------------------------
     0 | D:1      | 4thArraOfDagon the Deep Elf Fire Elementalist began the quest for the Orb.
     0 | D:1      | Reached XP level 1. HP: 10/10 MP: 6/6
    15 | D:2      | Noticed Jessica
    21 | D:2      | Killed Jessica
    21 | D:2      | Reached XP level 2. HP: 7/15 MP: 4/8
    62 | D:2      | Reached XP level 3. HP: 11/19 MP: 6/10
   162 | D:2      | You fall through a shaft for 2 floors!
   218 | D:5      | Entered Level 5 of the Dungeon
   218 | D:5      | Noticed a giant frog
   218 | D:5      | Noticed a scorpion
   235 | D:4      | Learned a level 3 spell: Conjure Flame
   237 | D:4      | Found a snail-covered altar of Cheibriados.
   237 | D:4      | Found a burning altar of Makhleb.
   238 | D:4      | Found a radiant altar of Vehumet.
   245 | D:4      | Became a worshipper of Vehumet
   270 | D:3      | Reached skill level 4 in Fire Magic
   468 | D:2      | Noticed Sigmund
   620 | D:1      | Reached * piety under Vehumet
   620 | D:1      | Offered knowledge of Sandblast by Vehumet.
   620 | D:1      | Reached XP level 4. HP: 24/24 MP: 8/12
   646 | D:2      | Learned a level 4 spell: Sticky Flame
   833 | D:4      | Noticed a scorpion
   840 | D:4      | Killed a scorpion
   840 | D:4      | Reached XP level 5. HP: 28/28 MP: 5/13
   850 | D:4      | Found a shimmering altar of Xom.
   900 | D:5      | Noticed an ogre
   907 | D:5      | Killed an ogre
   907 | D:5      | Reached skill level 5 in Fire Magic
   936 | D:5      | Learned a level 5 spell: Fireball
   952 | D:5      | Noticed a phantom
   952 | D:5      | Noticed an ogre
   975 | D:5      | Noticed a centaur
   981 | D:5      | Killed a centaur
   981 | D:5      | Reached skill level 5 in Spellcasting
   981 | D:5      | Reached XP level 6. HP: 4/32 MP: 9/15
  1050 | D:5      | Gained mutation: You can translocate small distances at will. [potion of beneficial mutation]
  1052 | D:5      | Slain by a giant frog zombie

Vault maps used:
D:1:      lemuel_arrival_broad_hall
D:2:      uniq_natasha, uniq_jessica, uniq_sigmund
D:3:      grunt_gozag_statues, lexackson_kobold_supper
D:4:      gammafunk_temple_overflow_claw, led_xom_imps,
          minmay_temple_entry_statues_fountains, first_bread
D:5:      dk_vineyard_1

Action                   |  1- 3 |  4- 6 || total
-------------------------+-------+-------++-------
Melee: Club              |    16 |     1 ||    17
Throw: Javelin           |       |     6 ||     6
 Cast: Flame Tongue      |    57 |    29 ||    86
       Sticky Flame      |       |     3 ||     3
       Conjure Flame     |       |     2 ||     2
  Use: Scroll            |       |     3 ||     3
       Potion            |       |     1 ||     1
 Stab: Sleeping          |     1 |       ||     1
  Eat: Fruit             |       |     1 ||     1
